 Dungeon Crawl Stone Soup version 0.26-a0-597-gb535b0901c (webtiles) character file.

Game seed: 13021298090434945409

367019 Flugslaktarn the Warrior (level 21, -9/220 HPs)
             Began as a Deep Dwarf Monk on Sept 15, 2020.
             Was the Champion of Makhleb.
             Mangled by a ghostly golden dragon (10 damage)
             ... on level 5 of the Vaults.
             The game lasted 00:28:44 (33459 turns).

Flugslaktarn the Warrior (Deep Dwarf Monk)         Turns: 33459, Time: 00:28:44

Health: -9/220     AC: 36    Str: 25    XL:     21   Next: 61%
Magic:  11/11      EV: 15    Int: 17    God:    Makhleb [******]
Gold:   1411       SH: 15    Dex: 15    Spells: 20/20 levels left

rFire    + + .     SeeInvis +   H - +6 broad axe (venom)
rCold    . . .     Faith    +   E - +0 kite shield "Lumokk" {rF++ rCorr Str+3 SInv}
rNeg     + . .     Spirit   .   Q - +8 chain mail "Qutorom" {-Cast Rampage rElec}
rPois    +         Reflect  .   S - +2 helmet
rElec    +         Harm     .   V - +0 cloak
rCorr    +         NoCast   +   X - +2 pair of gloves of Divine Intervention {Int+3}
MR       +++..                  g - +2 pair of boots
Stlth    ..........             P - amulet of faith
HPRegen  0.00/turn              j - +4 ring of slaying
MPRegen  0.12/turn              o - ring of poison resistance

@: lethally poisoned (-9 -> -9), non-regenerating, lightly drained
A: damage resistance, heal wounds, negative energy resistance 1, sense
surroundings 3, no regeneration
}: 2/15 runes: decaying, serpentine
a: Heal Wounds, Minor Destruction, Lesser Servant of Makhleb, Major Destruction,
Greater Servant of Makhleb, Renounce Religion


You were on level 5 of the Vaults.
You worshipped Makhleb.
Makhleb was exalted by your worship.
You visited 7 branches of the dungeon, and saw 37 of its levels.
You visited 2 bazaars.
You also visited: Ice Cave and Volcano.

You collected 6665 gold pieces.
You spent 5254 gold pieces at shops.

Inventory:

Hand Weapons
 H - a +6 broad axe of venom (weapon)
   (You acquired it on level 2 of the Snake Pit)
 L - a +3 vorpal broad axe
   (You took it off a death knight on level 3 of the Vaults)
Missiles
 y - 3 throwing nets (quivered)
Armour
 a - a scarf of repulsion
   (You found it on level 6 of the Dungeon)
 g - a +2 pair of boots (worn)
   (You found it on level 1 of the Dungeon)
 E - the +0 kite shield "Lumokk" (worn) {rF++ rCorr Str+3 SInv}
   (You acquired it on level 10 of the Dungeon)

   It affects your strength (+3).
   It greatly protects you from fire.
   It lets you see invisible.
   It provides partial protection from all sources of acid and corrosion.
 Q - the +8 chain mail "Qutorom" (worn) {-Cast Rampage rElec}
   (You found it on level 15 of the Dungeon)

   It insulates you from electricity.
   It prevents spellcasting.
   It bestows one free step when moving towards enemies.
 S - a +2 helmet (worn)
   (You found it on level 13 of the Dungeon)
 V - a +0 cloak (worn)
   (You found it on level 2 of the Dungeon)
 X - the +2 pair of gloves of Divine Intervention (worn) {Int+3}
   (You found it on level 1 of the Lair of Beasts)

   It affects your intelligence (+3).
Jewellery
 f - an uncursed ring of protection from fire
   (You found it on level 2 of the Dungeon)
 i - an uncursed ring of see invisible
   (You found it on level 5 of the Dungeon)
 j - a +4 ring of slaying (left hand)
   (You found it on level 4 of the Lair of Beasts)
 k - an uncursed ring of resist corrosion
   (You found it on level 6 of the Lair of Beasts)
 o - a ring of poison resistance (right hand)
   (You found it on level 2 of the Snake Pit)
 A - a cursed ring of teleportation {unknown}
   (You found it on level 4 of the Vaults)
 P - an amulet of faith (around neck)
   (You bought it in a shop on level 2 of the Orcish Mines)
Wands
 u - a wand of paralysis (31)
   (You found it on level 3 of the Dungeon)
 B - a wand of iceblast (35)
   (You found it on level 7 of the Dungeon)
 G - a wand of digging (12)
   (You found it on level 1 of the Lair of Beasts)
 I - a wand of acid (32)
   (You found it on level 10 of the Dungeon)
Scrolls
 c - 4 scrolls of magic mapping
 l - 4 scrolls of fog
 r - 16 scrolls of identify
 t - 11 scrolls of teleportation
 x - 19 scrolls of remove curse
 z - 3 scrolls of blinking
 D - 3 scrolls of holy word
 J - 4 scrolls of fear
 K - a scroll of summoning {unknown}
 N - 4 scrolls of enchant armour
 O - 7 scrolls of immolation
 R - a scroll of vulnerability
Potions
 b - 2 potions of berserk rage
 d - 6 potions of might
 e - 2 potions of lignification
 h - 10 potions of haste
 m - 3 potions of ambrosia
 n - 2 potions of resistance
 p - 8 potions of magic
 q - 17 potions of curing
 s - 9 potions of mutation
 v - 5 potions of cancellation
 w - 18 potions of heal wounds
 M - 5 potions of flight
 U - 3 potions of invisibility
Miscellaneous
 C - a tin of tremorstones (2/3)
   (You found it on level 4 of the Lair of Beasts)
 F - a condenser vane (2/2)
   (You bought it in a shop on level 2 of the Snake Pit)


   Skills:
 * Level 20.6(20.5) Fighting
 - Level 18.0(17.9) Axes
 + Level 20.0(19.9) Armour
 - Level 9.7(9.6) Dodging
 - Level 2.4(2.3) Stealth
 + Level 16.5(16.4) Shields
 - Level 15.0(14.9) Invocations
 - Level 6.0(5.9) Evocations


You had 20 spell levels left.
You didn't know any spells.
Your spell library was empty.

Dungeon Overview and Level Annotations

Branches:
Dungeon (15/15)            Temple (1/1) D:5            Lair (6/6) D:10
  Swamp (4/4) Lair:4        Snake (4/4) Lair:2        Slime (0/5) Lair:6
    Orc (2/2) D:11            Elf (0/3) Orc:2        Vaults (5/5) D:13
  Crypt (0/3) Vaults:3     Depths (0/5) D:15          IceCv (visited)
Volcano (visited)

Altars:
Ashenzari
Cheibriados
Dithmenos
Elyvilon
Fedhas
Gozag
Hepliaklqana
Kikubaaqudgha
Makhleb
Nemelex Xobeh
Okawaru
Qazlal
Ru
Sif Muna
Trog
Uskayaw
Vehumet
Wu Jian
Xom
Yredelemnul
Zin
The Shining One
Jiyva

Shops:
D:8 :   D:10 (   D:11 !   Orc:2 :!=*   Snake:1 ?*   Snake:2 =}=   Snake:4 :((
Vaults:1 ?   Vaults:3 [   Vaults:4 !

Annotations:
D:3 1 runed translucent door, Crazy Yiuf
D:6 3 runed translucent doors, Lanoc's ghost, novice HaFi
D:8 exclusion: door
Vaults:4 exclusion: orange crystal statue


Innate Abilities, Weirdness & Mutations

You are resistant to damage.
You can heal yourself by infusing magical energy.
You resist negative energy. (rN+)
You passively map a large area around you.
You do not regenerate.


Message History

The small abomination hits you but does no damage.
You slice the ghostly golden dragon!!
The ghostly golden dragon is heavily damaged.
You slash the small abomination!
The ghostly golden dragon breathes cold at you.
The bolt of cold hits you!!!
* * * LOW HITPOINT WARNING * * *
You block the ogre mage's attack.
The vault guard hits you but does no damage.
Your chain mail "Qutorom" prevents you from hitting the ghostly golden dragon.
The ghostly golden dragon is heavily damaged.
You hit the small abomination but do no damage.
The deep elf archer seems less brilliant.
The deep elf archer shoots an arrow.
The arrow hits you but does no damage. The small abomination hits you!
* * * LOW HITPOINT WARNING * * *
The ghostly golden dragon bites you.
You block the ghostly golden dragon's attack.
The ghostly golden dragon tramples you!
You die...

, #.)..?# * ....* ,,
#./..} *...##* , ,,*
#.}.[$ ###.e..##, ,, ,
##).e####..#....# ,
*#...e.##)...#...# * ,
., #...Ox#......#..#
,...)#.)))X#()....#..# #
* ,
#.))x(.X#D..:##..#,.# *
,#.)))#O..(#@.###..# .#
*
*#.)..###(cpx#####..#..#
....[# ##.O.)))....#..#
, ....# ##.)))........#
* ####
##############....# , ,,
..............)...# ,
,..................# * *
* ###################


You could see a ghostly golden dragon (catching breath), a vault guard, an ogre
mage, a deep elf archer (repels missiles, very poisoned), a yaktaur and a small
abomination.

Vanquished Creatures
  An ancient lich (Vaults:5)
  A lich (Vaults:3)
  Jorgrun (D:13)
  4 titans (Vaults:5)
  2 quicksilver dragons (Vaults:5)
  2 sphinxes
  3 shadow dragons (Vaults:5)
  Kirke (D:13)
  2 storm dragons (Vaults:5)
  A thorn hunter (Swamp:4)
  Donald (Vaults:1)
  3 tengu reavers
  9 nagarajas
  5 deep elf sorcerers
  3 fire giants
  3 frost giants
  16 vault wardens
  15 ironheart preservers
  A deep elf elementalist (Vaults:5)
  A war gargoyle (Vaults:5)
  A ghoul (Vaults:4)
  8 very ugly things
  5 stone giants
  2 large abominations (Vaults:5)
  3 entropy weavers
  A deep elf demonologist (Vaults:1)
  A deep elf annihilator (Vaults:5)
  Nessos (D:13)
  A dire elephant (Lair:6)
  An eidolon (Vaults:3)
  5 deep elf death magi
  2 small abominations (Vaults:5)
  3 fire dragons
  A crystal guardian (Vaults:4)
  6 ettins
  9 yaktaur captains
  3 deep elf high priests (Vaults:5)
  28 vault guards
  Fannar (D:10)
  2 great orbs of eyes
  22 hydras
  3 ice dragons
  11 naga warriors
  3 rakshasas
  2 catoblepae (Lair:6)
  6 centaur warriors
  4 shambling mangroves
  11 anacondas
  10 ogre magi
  4 death knights
  A deep troll shaman (Lair:6)
  34 two-headed ogres
  A tengu warrior (D:14)
  16 alligators
  A vampire mage (D:15)
  11 death yaks
  5 shock serpents
  5 naga sharpshooters
  4 deep troll earth magi
  Sonja (Lair:5)
  3 deep elf knights
  5 skeletal warriors
  5 salamander mystics (Snake:4)
  9 deep trolls
  A hell knight (Vaults:5)
  5 unseen horrors
  2 sea snakes (Snake:2)
  A spark wasp zombie (D:15)
  4 flayed ghosts
  6 naga ritualists
  13 swamp dragons
  2 glowing orange brains
  7 wizards
  2 necromancers
  2 phantasmal warriors
  10 deep elf archers
  10 harpies (Vaults:4)
  18 ironbrand convokers
  6 mana vipers
  7 orc knights
  2 orc sorcerers
  17 ugly things
  9 deep elf magi
  A stone giant zombie (D:15)
  3 wolf spiders
  5 manticores
  18 salamanders
  2 elephants (Lair:6)
  11 cyclopes
  21 black mambas
  6 guardian serpents (Snake:4)
  28 naga magi
  4 centaur zombies
  Joseph (D:8)
  18 cane toads
  A centaur skeleton (D:11)
  15 vault sentinels
  A storm dragon simulacrum (Vaults:3)
  2 demonic crawlers (D:14)
  30 yaktaurs
  A rime drake (shapeshifter) (Vaults:4)
  Maggie (D:10)
  6 freezing wraiths
  4 komodo dragons
  2 ice devils (IceCv)
  4 trolls
  A queen bee (shapeshifter) (Vaults:4)
  A jumping spider (Vaults:4)
  2 polar bears (Lair:6)
  13 hornets
  5 tyrant leeches
  15 bog bodies
  30 slime creatures
  A deep troll zombie (D:15)
  5 dream sheep (Lair:6)
  30 blink frogs
  A snapping turtle (shapeshifter) (Vaults:5)
  15 hippogriffs
  A deep troll skeleton (D:15)
  A vampire (D:12)
  Sigmund (D:3)
  An ettin skeleton (Vaults:4)
  3 spriggans
  8 fire bats
  4 wyverns (Volcano)
  2 shadows
  6 redbacks (Vaults:4)
  3 basilisks
  12 wraiths
  36 yaks
  A hog (shapeshifter) (Vaults:2)
  A human (shapeshifter) (Vaults:3)
  4 hogs (D:13)
  26 vampire mosquitoes
  17 insubstantial wisps
  15 swamp worms
  A warg (shapeshifter) (Vaults:4)
  Edmund (D:6)
  5 acid dragons
  6 steam dragons
  41 nagas
  Duvessa (D:7)
  6 wargs
  6 water moccasins
  5 porcupines
  A sky beast (D:7)
  21 swamp drakes
  4 ice beasts
  A necrophage (D:9)
  4 black bears
  22 orc warriors
  12 wolves
  A phantom (D:13)
  22 centaurs
  53 ogres
  9 boggarts
  16 crocodiles
  A big kobold (shapeshifter) (Vaults:1)
  4 big kobolds
  An elf zombie (D:8)
  Dowan (D:7)
  18 bullfrogs
  A gnoll sergeant (D:8)
  A wyvern skeleton (D:13)
  4 scorpions
  14 killer bees
  8 wights
  4 electric eels
  A vampire bat (D:14)
  5 howler monkeys
  3 bullfrog zombies
  2 human simulacra
  11 orc priests
  4 hounds
  5 jellies
  12 orc wizards
  Terence (D:3)
  3 human skeletons
  4 iguanas
  2 hell rats (D:14)
  6 worker ants
  2 hound zombies
  2 hound skeletons
  2 worker ant zombies
  9 gnolls
  A howler monkey skeleton (D:8)
  11 adders
  5 river rats
  A shadow imp (D:7)
  4 white imps
  3 ufetubi
  7 oozes
  4 worms
  An adder skeleton (D:7)
  2 adder zombies
  A dart slug (D:5)
  6 leopard geckos
  66 orcs
  10 giant cockroaches
  9 hobgoblins
  14 jackals
  8 quokkas
  15 bats
  13 frilled lizards
  4 goblins
  27 kobolds
  2 quokka skeletons
  15 rats
  2 crawling corpses (Vaults:5)
1506 creatures vanquished.

Vanquished Creatures (others)
  A naga ritualist (Snake:4)
  A vampire mosquito (Lair:4)
  A naga (Snake:4)
  An orc (Orc:2)
  A bush (Lair:6)
  32 fungi
  124 plants
  5 withered plants
166 creatures vanquished.

Grand Total: 1672 creatures vanquished

Notes
Turn   | Place    | Note
-------+----------+-------------------------------------------
     0 | D:1      | Flugslaktarn the Deep Dwarf Monk began the quest for the
                  | Orb.
     0 | D:1      | Reached XP level 1. HP: 20/20 MP: 1/1
   108 | D:1      | Reached XP level 2. HP: 24/27 MP: 2/2
   205 | D:1      | Reached skill level 1 in Armour
   364 | D:1      | Reached XP level 3. HP: 25/34 MP: 3/3
   825 | D:2      | Reached XP level 4. HP: 19/42 MP: 4/4
  1263 | D:2      | Found a shimmering altar of Xom.
  1263 | D:2      | Found a shimmering altar of Xom.
  1264 | D:2      | Found a shimmering altar of Xom.
  1272 | D:2      | Found a shimmering altar of Xom.
  1350 | D:2      | Noticed a crocodile
  1670 | D:3      | Found an iron altar of Okawaru.
  1670 | D:3      | Found a faded altar of an unknown god.
  1699 | D:3      | Found a stormy altar of Qazlal.
  1702 | D:3      | Found a faded altar of an unknown god.
  1780 | D:3      | Noticed Sigmund
  1964 | D:3      | Killed Sigmund
  1964 | D:3      | Reached XP level 5. HP: 17/50 MP: 4/4
  1964 | D:3      | Reached XP level 6. HP: 19/57 MP: 5/5
  2108 | D:3      | Found a glowing silver altar of Zin.
  2177 | D:3      | Found a runed translucent door.
  2178 | D:3      | Noticed Crazy Yiuf
  2388 | D:3      | Found a shimmering blue altar of Sif Muna.
  2434 | D:3      | Found a faded altar of an unknown god.
  2436 | D:3      | Found a blossoming altar of Fedhas.
  2437 | D:3      | Found a shadowy altar of Dithmenos.
  2535 | D:3      | Noticed Terence
  2718 | D:3      | Killed Terence
  3239 | D:4      | Reached skill level 5 in Axes
  3353 | D:4      | Reached skill level 5 in Dodging
  3431 | D:4      | Found an ancient bone altar of Kikubaaqudgha.
  3633 | D:4      | Reached XP level 7. HP: 45/64 MP: 4/4
  3839 | D:5      | Entered Level 5 of the Dungeon
  3916 | D:5      | Found a shadowy altar of Dithmenos.
  3992 | D:5      | Found a sacrificial altar of Ru.
  4196 | D:5      | Found a staircase to the Ecumenical Temple.
  4534 | Temple   | Entered the Ecumenical Temple
  4897 | D:6      | Found a runed translucent gate.
  4897 | D:6      | Found a runed translucent gate.
  4897 | D:6      | Found a runed translucent gate.
  4907 | D:6      | Noticed Lanoc's ghost (novice HaFi)
  4960 | D:6      | Noticed Edmund
  5012 | D:6      | Killed Edmund
  5040 | D:6      | Reached skill level 5 in Fighting
  5040 | D:6      | Reached XP level 8. HP: 24/74 MP: 4/4
  5225 | D:6      | Reached skill level 5 in Armour
  6019 | D:7      | Noticed Duvessa
  6019 | D:7      | Noticed Dowan
  6034 | D:7      | Killed Duvessa
  6046 | D:7      | Killed Dowan
  6231 | D:7      | Found a radiant altar of Vehumet.
  6355 | D:7      | Gained mutation: You passively map the area around you.
                  | [Deep Dwarf growth]
  6355 | D:7      | Reached XP level 9. HP: 36/82 MP: 4/4
  6565 | D:8      | Found Giebej's Book Boutique.
  6595 | D:8      | Noticed Joseph
  6634 | D:8      | Killed Joseph
  6899 | D:8      | Found a burning altar of Makhleb.
  6947 | D:8      | Became a worshipper of Makhleb the Destroyer
  6947 | D:8      | Reached * piety under Makhleb
  6947 | D:8      | Reached ** piety under Makhleb
  7310 | D:9      | Found an opulent altar of Gozag.
  7321 | D:9      | Reached skill level 1 in Invocations
  7321 | D:9      | Reached skill level 1 in Evocations
  7481 | D:9      | Noticed a troll
  7496 | D:9      | Killed a troll
  7496 | D:9      | Reached XP level 10. HP: 32/94 MP: 3/3
  7878 | D:10     | Entered Level 10 of the Dungeon
  8022 | D:10     | Reached *** piety under Makhleb
  8185 | D:10     | Found Qeekhir's Weapon Shoppe.
  8190 | D:10     | Bought a +0 battleaxe for 84 gold pieces
  8433 | D:10     | Found a staircase to the Lair.
  8435 | D:10     | Noticed Fannar
  8446 | D:10     | Noticed Maggie
  8457 | D:10     | Killed Fannar
  8457 | D:10     | Reached skill level 10 in Axes
  8457 | D:10     | Reached XP level 11. HP: 83/104 MP: 4/4
  8458 | D:10     | Killed Maggie
  8473 | D:10     | Paralysed by a hornet for 3 turns
  9261 | D:11     | Identified 2 scrolls of acquirement
  9383 | D:10     | Acquired the +0 kite shield "Lumokk" {rF++ rCorr Str+3
                  | SInv}
  9385 | D:10     | Acquired 1100 gold pieces
  9476 | Lair:1   | Entered Level 1 of the Lair of Beasts
  9538 | Lair:1   | Reached skill level 5 in Evocations
  9548 | Lair:1   | Reached skill level 5 in Invocations
  9670 | Lair:1   | Got a pair of brightly glowing gloves
  9681 | Lair:1   | Identified the +2 pair of gloves of Divine Intervention
                  | {Int+3} (You found it on level 1 of the Lair of Beasts)
 10172 | Lair:2   | Found a staircase to the Snake Pit.
 10186 | Lair:2   | Reached **** piety under Makhleb
 10331 | Lair:2   | Reached skill level 1 in Shields
 10367 | Lair:2   | Found a snail-covered altar of Cheibriados.
 10440 | Lair:2   | Reached XP level 12. HP: 24/115 MP: 1/1
 10605 | Lair:2   | Noticed a five-headed hydra
 10618 | Lair:2   | Killed a five-headed hydra
 11513 | Lair:4   | Got a pitted jade ring
 11515 | Lair:4   | Identified the ring "Maam" {rF+ MR- Str+4 Int+3 SInv} (You
                  | found it on level 4 of the Lair of Beasts)
 11625 | Lair:4   | Noticed a death yak
 11637 | Lair:4   | Noticed a death yak
 11641 | Lair:4   | Noticed a death yak
 11644 | Lair:4   | Noticed a death yak
 11648 | Lair:4   | Reached skill level 10 in Fighting
 11652 | Lair:4   | Killed a death yak
 11652 | Lair:4   | Killed a death yak
 11652 | Lair:4   | Killed a death yak
 11653 | Lair:4   | Killed a death yak
 11846 | Lair:4   | Noticed a death yak
 11846 | Lair:4   | Noticed a death yak
 11874 | Lair:4   | Killed a death yak
 11892 | Lair:4   | Reached skill level 10 in Armour
 11894 | Lair:4   | Killed a death yak
 12173 | Lair:4   | Found a staircase to the Swamp.
 12471 | Lair:5   | Noticed Sonja
 12477 | Lair:5   | Killed Sonja
 12512 | Lair:5   | Reached ***** piety under Makhleb
 12512 | Lair:5   | Reached XP level 13. HP: 53/126 MP: 1/1
 12730 | Lair:5   | Found a dark tunnel.
 12745 | Volcano  | Entered a volcano
 12858 | Volcano  | Reached skill level 5 in Shields
 12976 | Volcano  | Noticed a fire dragon
 13012 | Volcano  | Killed a fire dragon
 14181 | Lair:6   | Entered Level 6 of the Lair of Beasts
 14742 | Lair:6   | Reached skill level 10 in Invocations
 14742 | Lair:6   | Gained mutation: You resist negative energy. (rN+) [Deep
                  | Dwarf growth]
 14742 | Lair:6   | Reached XP level 14. HP: 78/136 MP: 3/3
 14900 | Lair:6   | Acquired 1200 gold pieces
 15179 | Lair:6   | Found a viscous altar of Jiyva.
 15179 | Lair:6   | Found a staircase to the Slime Pits.
 15752 | D:11     | Found Pepuhis's Distillery.
 15760 | D:11     | Bought a potion of might for 40 gold pieces
 15760 | D:11     | Bought a potion of mutation for 80 gold pieces
 15760 | D:11     | Bought 2 potions of heal wounds for 100 gold pieces
 15787 | D:11     | Found a staircase to the Orcish Mines.
 15867 | D:11     | Reached ****** piety under Makhleb
 16346 | D:12     | Found a flickering gateway to a bazaar.
 16378 | Bazaar   | Entered a bazaar
 16383 | Bazaar   | Found Careen's Antique Weapon Shoppe.
 16388 | Bazaar   | Found Rerugh's Distillery.
 16399 | Bazaar   | Found Igevoo's Book Shoppe.
 16405 | Bazaar   | Found Xofuunte's Distillery.
 16410 | Bazaar   | Found Ateck's Weapon Shop.
 16418 | Bazaar   | Bought a +0 broad axe of flaming for 92 gold pieces
 16426 | Bazaar   | Bought 2 potions of haste for 240 gold pieces
 16426 | Bazaar   | Bought a potion of cancellation for 96 gold pieces
 16426 | Bazaar   | Bought a potion of heal wounds for 60 gold pieces
 16441 | Bazaar   | Bought a potion of heal wounds for 45 gold pieces
 16441 | Bazaar   | Bought a potion of haste for 90 gold pieces
 16441 | Bazaar   | Bought a potion of heal wounds for 45 gold pieces
 16441 | Bazaar   | Bought a potion of heal wounds for 45 gold pieces
 17102 | D:13     | Noticed Kirke
 17103 | D:13     | Noticed Nessos
 17114 | D:13     | Killed Kirke
 17140 | D:13     | Killed Nessos
 17244 | D:13     | Noticed Jorgrun
 17245 | D:13     | Found a frozen archway.
 17270 | D:13     | Killed Jorgrun
 17278 | IceCv    | Entered an ice cave
 17640 | D:13     | Found a gate to the Vaults.
 18033 | D:14     | Reached skill level 15 in Axes
 18137 | D:14     | Reached XP level 15. HP: 147/147 MP: 5/5
 18777 | D:15     | Entered Level 15 of the Dungeon
 19111 | D:15     | Found a staircase to the Depths.
 19211 | D:15     | Got an ichor-stained chain mail
 19212 | D:15     | Identified the +8 chain mail "Qutorom" {-Cast Rampage
                  | rElec} (You found it on level 15 of the Dungeon)
 19729 | Orc:1    | Entered Level 1 of the Orcish Mines
 19871 | Orc:2    | Entered Level 2 of the Orcish Mines
 19893 | Orc:2    | Found a staircase to the Elven Halls.
 20044 | Orc:2    | Found Unanul Hewyg's Book Shoppe.
 20044 | Orc:2    | Found Ulomuw's Distillery.
 20045 | Orc:2    | Found Kaamitae's Jewellery Boutique.
 20045 | Orc:2    | Found Noviett's General Store.
 20945 | Orc:2    | Bought 2 potions of cancellation for 208 gold pieces
 20945 | Orc:2    | Bought a potion of haste for 130 gold pieces
 20945 | Orc:2    | Bought a potion of cancellation for 104 gold pieces
 20945 | Orc:2    | Bought a potion of mutation for 104 gold pieces
 20945 | Orc:2    | Bought a potion of heal wounds for 65 gold pieces
 20945 | Orc:2    | Bought a potion of cancellation for 104 gold pieces
 20946 | Orc:2    | Bought an uncursed amulet of faith for 640 gold pieces
 20949 | Orc:2    | Bought a manual of Armour for 1766 gold pieces
 21180 | Swamp:1  | Entered Level 1 of the Swamp
 21312 | Swamp:1  | You fall into a shaft and drop 1 floor!
 21322 | Swamp:2  | Reached XP level 16. HP: 139/159 MP: 6/6
 22011 | Snake:1  | Entered Level 1 of the Snake Pit
 22206 | Snake:1  | Found Putsis Molu's Assorted Antiques.
 22211 | Snake:1  | Found Ynweogased's Magic Scroll Shoppe.
 22218 | Snake:1  | Bought a scroll of enchant weapon for 135 gold pieces
 22218 | Snake:1  | Bought a scroll of enchant armour for 135 gold pieces
 22218 | Snake:1  | Bought a scroll of magic mapping for 63 gold pieces
 22411 | Snake:1  | Found a gateway to a bazaar.
 22449 | Bazaar   | Entered a bazaar
 22462 | Bazaar   | Found Sewnaur's Antique Weapon Emporium.
 22473 | Bazaar   | Found Teyhob's Antique Weapon Shoppe.
 22489 | Bazaar   | Found Wempaadi's Antique Armour Emporium.
 22500 | Bazaar   | Found Zevyo's Antique Armour Shoppe.
 23222 | Snake:2  | Found Xegrul's Jewellery Emporium.
 23222 | Snake:2  | Found Osuengobb's Gadget Boutique.
 23223 | Snake:2  | Found Lydekk's Jewellery Emporium.
 23239 | Snake:2  | Bought a condenser vane (2/2) for 280 gold pieces
 23357 | Snake:2  | Reached skill level 10 in Shields
 23391 | Snake:2  | You fall into a shaft and drop 1 floor!
 23558 | Snake:2  | Acquired a +5 broad axe of venom
 24355 | Snake:4  | Entered Level 4 of the Snake Pit
 24521 | Snake:4  | Found Sank's Book Shop.
 24714 | Snake:4  | Found Xim Ucos's Weapon Boutique.
 24720 | Snake:4  | Found Vetag's Weapon Shop.
 24788 | Snake:4  | Reached XP level 17. HP: 151/168 MP: 8/8
 24802 | Snake:4  | Reached skill level 15 in Fighting
 24929 | Snake:4  | Reached skill level 15 in Armour
 25314 | Snake:4  | Got a serpentine rune of Zot
 27182 | Swamp:4  | Entered Level 4 of the Swamp
 27268 | Swamp:4  | Gained mutation: You passively map a large area around you.
                  | [Deep Dwarf growth]
 27268 | Swamp:4  | Reached XP level 18. HP: 129/181 MP: 10/10
 27387 | Swamp:4  | Got a decaying rune of Zot
 27599 | Swamp:4  | Reached skill level 15 in Invocations
 28265 | Vaults:1 | Entered Level 1 of the Vaults
 28345 | Vaults:1 | Noticed Donald
 28353 | Vaults:1 | Killed Donald
 28488 | Vaults:1 | Found Ryxtab's Magic Scroll Boutique.
 28496 | Vaults:1 | Bought a scroll of enchant weapon for 135 gold pieces
 29185 | Vaults:1 | You fall into a shaft and drop 1 floor!
 29533 | Vaults:1 | Reached XP level 19. HP: 193/193 MP: 11/11
 31004 | Vaults:3 | Found a staircase to the Crypt.
 31201 | Vaults:3 | Paralysed by a great orb of eyes for 5 turns
 31411 | Vaults:3 | Found a hazy altar of Hepliaklqana.
 31536 | Vaults:3 | Found a radiant altar of Vehumet.
 31536 | Vaults:3 | Noticed a lich
 31542 | Vaults:3 | Killed a lich
 31605 | Vaults:3 | Found Salifuez's Armour Shoppe.
 31807 | Vaults:4 | Reached XP level 20. HP: 206/206 MP: 12/12
 32161 | Vaults:4 | Reached skill level 15 in Shields
 32500 | Vaults:4 | Found Ucrebiem's Distillery.
 32966 | Vaults:4 | Bought a potion of heal wounds for 80 gold pieces
 32966 | Vaults:4 | Bought a potion of might for 64 gold pieces
 32966 | Vaults:4 | Bought a potion of might for 64 gold pieces
 32966 | Vaults:4 | Bought a potion of resistance for 160 gold pieces
 33015 | Vaults:5 | Entered Level 5 of the Vaults
 33305 | Vaults:5 | Identified the +3 scale mail of the Monkey's Uncle {rC+}
 33322 | Vaults:5 | Reached XP level 21. HP: 194/218 MP: 13/13
 33352 | Vaults:5 | Noticed an ancient lich
 33376 | Vaults:5 | Killed an ancient lich
 33392 | Vaults:5 | Noticed a golden dragon
 33414 | Vaults:5 | Killed a golden dragon
 33458 | Vaults:5 | HP: 11/220 [ghostly golden dragon/bolt of cold (54)]
 33459 | Vaults:5 | HP: 1/220 [small abomination[a deep elf high priest] (10)]
 33459 | Vaults:5 | Mangled by a ghostly golden dragon

Illustrated notes

Levels and vault maps discovered:
D:1:      onia_arrival_mini_maze, layout_basic, serial_bayou_ford_a,
          minmay_tetromino_t4
D:2:      layout_basic, xom_redecorated, serial_glass, glass_columns_c,
          glass_columns_b, glass_columns_b, mrwooster_statue_mirror,
          solitary_fountain, lightli_corner_chamber
D:3:      minmay_spotlight, layout_loops_ring, lemuel_blue_sif_altar,
          nicolae_qazlal_eye_of_the_storm, zin_scriptorium,
          chequers_temple_overflow_minitemple, chequers_ecumenical_altar_simple,
          portal_sewer_entry_b, uniq_sigmund, uniq_terence,
          uniq_crazy_yiuf_cottage
D:4:      layout_loops_ring, kiku_gazebo_garden_becter
D:5:      layout_basic, lemuel_round_altar, lemuel_temple_firewalk_b,
          nicolae_dithmenos_shadow_blocks
D:6:      layout_loops_cross, gammafunk_ghost_split, chequers_hall_statues_y,
          amethyst_killhole, uniq_edmund
D:7:      layout_gridville, fiery_altar_vehumet, the_bakery, uniq_duvessa
D:8:      layout_gridville, kennysheep_mini, nicolae_ossuary_entry_catacombs,
          serial_shops, shop, uniq_joseph
D:9:      layout_basic, nicolae_gozag_seed_capital
D:10:     layout_layer_cave, lair_entry_dummy, serial_shops,
          kennysheep_little_box, kennysheep_cross_room, uniq_maggie, uniq_fannar
D:11:     layout_irregular_city, orc_0_dummy, minmay_shop_grid_forest
D:12:     layout_loops_ring, serial_shops, bzr_entry_islet
D:13:     layout_long_grid, david_vaults_4, portal_ice_cave_entry_pillars_1,
          uniq_jorgrun, uniq_nessos, uniq_kirke
D:14:     layout_basic, chequers_serial_rivers_micro_e,
          hangedman_parallel_progression
D:15:     gammafunk_depths_entry_grave, layout_basic,
          minmay_misc_feat_diagonals, hangedman_decor_riveting
Temple:   eino_temple_lava
Lair:1:   layout_big_grid, serial_forest, infiniplex_forest_lined_ring,
          infiniplex_forest_clump_small, infiniplex_forest_lined_4_way,
          infiniplex_forest_clump_C, infiniplex_forest_corner_1,
          infiniplex_forest_clump_diagonal, st_stairs_3
Lair:2:   layout_regular_city, guppyfry_snake_entry_garden, basic_altar
Lair:3:   layout_chaotic_city
Lair:4:   beast_lair_carwin_large_4, layout_regular_city,
          nicolae_swamp_entry_splash_gauntlet, pond
Lair:5:   layout_layer_cave, nicolae_volcano_entry_batcave, uniq_sonja
Lair:6:   grunt_lair_end_beastmaster, layout_concentric_octagons,
          dpeg_slime_entry_enclosed_altar, serial_bayou_pond_e,
          nicolae_lair_yak_garden
Swamp:1:  layout_falls_marsh, hangedman_swamp_ruin_wall, swamp_pool5,
          nicolae_swamp_fairy_circle
Swamp:2:  layout_basic_swamp, evilmike_swamp_ruin_house_1
Swamp:3:  layout_basic_swamp, hangedman_swamp_blocks
Swamp:4:  swamp_basic_johnstein, layout_basic_swamp
Snake:1:  layout_cave_pods, serial_shops, bzr_entry_customers, special_room,
          minmay_shop_star, grunt_megastairs_3
Snake:2:  layout_concentric_octagons, drop_trap, st_stairs_8, minmay_shop_grove,
          serial_bayou_shore_a
Snake:3:  layout_misc_corridors, guppyfry_library_mini
Snake:4:  johnstein_snake_rune_scales, layout_onion_interference, serial_shops,
          shop, grunt_megastairs_1, minmay_shoptagon
Orc:1:    layout_caves
Orc:2:    st_orc_ogre_mass, layout_caves, nicolae_orc_pool_cavern,
          nooodl_orcs_dogs
Vaults:1: hangedman_vaults_restitches, nicolae_vaults_little_squares_4,
          nicolae_vaults_little_squares_4, hangedman_vaults_restitches,
          nicolae_vaults_theta, vaults_standard_mumra_x,
          nicolae_vaults_quadrants, vaults_room_octagon, hangedman_vaults_maws,
          v_misc_5, nicolae_vaults_border_crossing, grunt_vaults_focal,
          layout_vaults_omnibox, serial_shops, shop, uniq_donald
Vaults:2: vaults_dpeg_ring, nicolae_vaults_shelves_hall, v_alt_pattern_6,
          v_alt_pattern_6, v_misc_26, v_rooms_2,
          hangedman_vaults_stretched_pinwheel, st_hourglassy,
          grunt_vaults_hallway_short, nicolae_vaults_mini_display_case,
          nicolae_vaults_little_squares_6, layout_vaults_omnicross
Vaults:3: vaults_dpeg_cross, serial_ice_g, ontoclasm_vaults_ring_small,
          hangedman_vaults_trim, nicolae_vaults_ninety_degrees,
          grunt_tower_of_power, v_misc_28, nicolae_vaults_little_squares_6,
          hangedman_vaults_stagger, minmay_crypt_entry_simple_box,
          nicolae_vaults_rhombus_6, vaults_dpeg_hooks,
          hangedman_vaults_restitches, nicolae_vaults_diagonal_hallway_7,
          layout_vaults_ring, serial_shops, shop, basic_altar
Vaults:4: nicolae_vaults_little_ls, hangedman_vaults_corner,
          hangedman_vaults_nodes, v_misc_5, ontoclasm_vaults_pinch, v_pattern_4,
          nicolae_vaults_disjoint_gnomons, vaults_dpeg_spiral, v_misc_18,
          vaults_dpeg_diagonal, nicolae_vaults_statue_guard, layout_vaults_maze,
          serial_shops, shop_statue
Vaults:5

Skill      XL: |  1  2  3  4  5  6  7  8  9 10 11 12 13 14 15 16 17 18 19 20 21 |
---------------+----------------------------------------------------------------+-----
Armour         | 1 3 4 6 7 8 9 10 11 12 14 15 17 18 19 20 | 20.0
Fighting       | 3 4 5 6 7 8 9 10 11 13 14 15 17 18 19 20 | 20.6
Axes           | 4 5 6 7 8 10 11 12 13 15 16 17 18 | 18.0
Dodging        | 4 5 6 7 8 9 |  9.7
Invocations    | 1 4 6 8 10 11 12 13 14 15 | 15.0
Evocations     | 1 4 6 |  6.0
Shields        | 1 4 6 8 9 10 11 13 14 15 16 | 16.5
Stealth        | |  2.4

Action                   |  1- 3 |  4- 6 |  7- 9 | 10-12 | 13-15 | 16-18 | 19-21 || total
-------------------------+-------+-------+-------+-------+-------+-------+-------++-------
Melee: Hand axe          |   116 |   334 |   212 |       |       |       |       ||   662
       War axe           |       |       |   384 |   495 |   186 |       |       ||  1065
       Battleaxe         |       |       |       |   286 |   291 |       |       ||   577
       Broad axe         |       |       |       |       |   868 |  1404 |  1061 ||  3333
Invok: Lesser Servant of |       |       |       |     2 |       |       |       ||     2
 Abil: Heal Wounds       |     3 |     9 |    15 |    28 |     6 |     6 |     2 ||    69
Evoke: Wand              |       |       |     1 |     8 |     3 |       |     1 ||    13
       Tin of tremorston |       |       |       |     2 |     2 |     1 |     3 ||     8
       Condenser vane    |       |       |       |       |       |     2 |     1 ||     3
  Use: Potion            |       |     3 |     1 |     8 |     3 |     4 |     1 ||    20
       Scroll            |       |     6 |    12 |     7 |    12 |     9 |     2 ||    48
 Stab: Sleeping          |     3 |     8 |       |       |       |       |       ||    11
       Paralysed         |       |       |    10 |     1 |     8 |       |       ||    19
       Petrified         |       |       |       |       |    15 |       |       ||    15
       Petrifying        |       |       |       |       |     1 |       |       ||     1
       Confused          |       |       |       |       |       |     1 |       ||     1
       Distracted        |       |       |       |       |       |       |     1 ||     1
Armor: Robe              |    26 |    41 |       |       |       |       |       ||    67
       Chain mail        |       |    84 |   359 |   129 |    99 |   746 |   442 ||  1859
       Skin              |       |       |    70 |    40 |       |       |       ||   110
       Plate armour      |       |       |       |   503 |   599 |       |       ||  1102
Dodge: Dodged            |   127 |   223 |   324 |   588 |   616 |   625 |   393 ||  2896
       Repelled          |       |       |     3 |       |       |       |       ||     3
Block: Kite shield       |       |       |       |   165 |   612 |   853 |   656 ||  2286

Table legend: (Time is in decaauts)
 A = Elapsed time spent in this place.
 B = Non-inter-level travel time spent in this place.
 C = Inter-level travel time spent in this place.
 D = Time resting spent in this place.
 E = Time spent auto-exploring this place.
 F = Levels seen in this place.
 G = Mean time per level.
                   A        B        C        D        E       F      G
               +--------+--------+--------+--------+--------+-----+--------+
         Total |  33185 |  30216 |   2969 |    519 |  21214 |  41 |  809.4 |
       Dungeon |  13889 |  12635 |   1254 |    319 |   8977 |  15 |  925.9 |
        Temple |     78 |     72 |      6 |      0 |     71 |   1 |   78.0 |
          Lair |   5999 |   5261 |    738 |      0 |   3663 |   6 |  999.8 |
         Swamp |   3116 |   2922 |    194 |    100 |   2095 |   4 |  779.0 |
     Snake Pit |   3493 |   3231 |    262 |      0 |   2528 |   4 |  873.2 |
  Orcish Mines |   1079 |    918 |    161 |      0 |    669 |   2 |  539.5 |
        Vaults |   4793 |   4443 |    350 |    100 |   2847 |   5 |  958.6 |
        Bazaar |    143 |    143 |      0 |      0 |    103 |   2 |   71.5 |
      Ice Cave |     29 |     29 |      0 |      0 |      6 |   1 |   29.0 |
       Volcano |    562 |    562 |      0 |      0 |    253 |   1 |  562.0 |
               +--------+--------+--------+--------+--------+-----+--------+

Top non-repeatable levels by time:
    D:10: 1732 daAuts
     D:3: 1392 daAuts
  Lair:6: 1343 daAuts
Vaults:4: 1319 daAuts
  Lair:5: 1203 daAuts
 Snake:4: 1156 daAuts
    D:14: 1099 daAuts
  Lair:4: 1096 daAuts
Vaults:1: 1088 daAuts
Vaults:2: 1073 daAuts
Vaults:3: 1069 daAuts
  Lair:2: 1063 daAuts
     D:2: 1022 daAuts
     D:5: 929 daAuts
 Snake:1: 907 daAuts
